 Dungeon Crawl Stone Soup version 0.32-a0-876-gcfddb08e57 (webtiles) character file.

Game seed: 9723766729193598691

125 smashvw the Chopper (level 4, -3/40 HPs)
             Began as a Mountain Dwarf Fighter on Mar 31, 2024.
             Slain by a +2 spectral club (7 damage)
             ... created by Ijyb
             ... on level 3 of the Dungeon.
             The game lasted 00:03:02 (1753 turns).

smashvw the Chopper (Mountain Dwarf Fighter)        Turns: 1753, Time: 00:03:03

Health: -3/40      AC:  9    Str: 21    XL:     4   Next: 82%
Magic:  4/4        EV: -2    Int:  8    God:
Gold:   82         SH:  4    Dex:  9    Spells: 3/3 levels left

rFire   . . .        a - +0 war axe
rCold   . . .        c - +0 buckler
rNeg    . . .        m - +0 chain mail
rPois   .            (no helmet)
rElec   .            (no cloak)
rCorr   .            (no gloves)
SInv    .            (no boots)
Will    .....        (no amulet) Stlth
                     (no ring)
HPRegen 0.26/turn    (no ring)
MPRegen 0.09/turn

%: no passive effects
@: grasped by roots, constricted
A: runic magic, artefact enchanting
a: no special abilities


You were on level 3 of the Dungeon.
You visited 1 branch of the dungeon, and saw 3 of its levels.

You collected 82 gold pieces.

Inventory:

Hand Weapons
 a - a +0 war axe (weapon)
Armour
 c - a +0 buckler (worn)
 m - a +0 chain mail (worn)
Wands
 o - a wand of polymorph (12)
Scrolls
 b - a scroll of amnesia {unknown}
 f - 2 scrolls of revelation {unknown}
 g - a scroll of fog {unknown}
 h - a scroll of fear {unknown}
 i - a scroll of brand weapon {unknown}
 j - a scroll of enchant weapon {unknown}
 k - 2 scrolls of identify {unknown}
 l - a scroll of teleportation {unknown}
Potions
 d - a potion of might
 e - 2 potions of curing {unknown}
 n - 3 potions of haste {unknown}


   Skills:
 + Level 4.0 Fighting
 * Level 4.3 Axes
 + Level 4.0 Armour
 + Level 4.0 Shields


You had 3 spell levels left.
You didn't know any spells.
Your spell library contained the following spells:

 Spells                   Type           Power      Damage    Failure   Level
 Kiss of Death            Conj/Necr      0%         2d5       65%         1
 Confusing Touch          Hex            0%         N/A       95%         3
 Dispel Undead            Necr           0%         3d6       100%        4


Dungeon Overview and Level Annotations

Branches:
Dungeon (3/15)

Altars:

Annotations:
D:3 Ijyb


Innate Abilities, Weirdness & Mutations

Your spellcasting is much less encumbered by armour.
You can use scrolls of enchantment on lesser artefacts.


Message History

You barely miss the +2 spectral club.
Ijyb zaps a wand.
The roots erupt in riotous growth!
The grasping roots grab you!
Ijyb is unaffected.
The grasping roots constrict you.
You closely miss Ijyb.
Ijyb is lightly wounded.
You slash the +2 spectral club!
Ijyb shares her spectral weapon's damage!
The +2 spectral club disappears.
Ijyb hits you but does no damage. The +2 spectral club hits you.
The grasping roots constrict you.
A +2 spectral club comes into view.
You miss Ijyb.
Ijyb is moderately wounded.
You miss the +2 spectral club. Ijyb hits you with a +2 spectral club.
The +2 spectral club hits you. The grasping roots constrict you.
Ijyb's grasping roots sink back into the ground.
You barely miss Ijyb.
Ijyb is moderately wounded.
You hit the +2 spectral club.
Ijyb shares her spectral weapon's damage!
Ijyb zaps a wand.
The roots erupt in riotous growth!
The grasping roots grab you!
Ijyb is unaffected.
The grasping roots constrict you.
The +2 spectral club disappears.
Ijyb hits you but does no damage.
The +2 spectral club completely misses you.
The grasping roots constrict you.
A +2 spectral club comes into view.
You hit Ijyb but do no damage.
Ijyb is heavily wounded.
You closely miss the +2 spectral club. Ijyb hits you with a +2 spectral club!
* * * LOW HITPOINT WARNING * * *
The +2 spectral club hits you but does no damage.
The grasping roots constrict you.
* * * LOW HITPOINT WARNING * * *
You barely miss Ijyb.
Ijyb is heavily wounded.
You closely miss the +2 spectral club. Ijyb hits you with a +2 spectral club.
* * * LOW HITPOINT WARNING * * *
The +2 spectral club hits you!
You die...

... ....# +....
....+ #....#
#....#
#.....###.....#
#...≈.....≈...#
#.............#
#.......(.....#
#.......@g....#
######'#######
#....# ###.##
#.# #.# #.# #.#
#.#


You could see a +2 spectral club and Ijyb.

Vanquished Creatures
  Natasha (thrice) (D:2)
  2 dart slugs
  3 ribbon worms (D:2)
  5 endoplasms
  2 giant cockroaches (D:2)
  3 goblins
  4 hobgoblins
  A quokka (D:2)
  5 ball pythons
  4 bats
  2 frilled lizards (D:1)
  2 kobolds (D:1)
  8 rats
44 creatures vanquished.

Notes
Turn   | Place    | Note
-------+----------+-------------------------------------------
     0 | D:1      | smashvw the Mountain Dwarf Fighter began the quest for the
                  | Orb.
     0 | D:1      | Reached XP level 1. HP: 19/19 MP: 1/1
   154 | D:1      | Reached XP level 2. HP: 25/26 MP: 2/2
   614 | D:2      | Reached XP level 3. HP: 19/31 MP: 3/3
  1195 | D:2      | Noticed Natasha
  1204 | D:2      | Killed Natasha
  1205 | D:2      | Reached XP level 4. HP: 23/40 MP: 4/4
  1452 | D:2      | Noticed Natasha
  1463 | D:2      | Killed Natasha
  1498 | D:2      | Noticed Natasha
  1502 | D:2      | Killed Natasha
  1743 | D:3      | Noticed Ijyb
  1753 | D:3      | Slain by a +2 spectral club

Illustrated notes

Levels and vault maps discovered:
D:1:      dpeg_arrival_tiny_c, layout_basic, minivault_26
D:2:      layout_loops_ring, roderic_lattice_a, uniq_natasha
D:3:      layout_loops_corners, kennysheep_path_1, uniq_ijyb

Skill      XL: |  1  2  3  4 |
---------------+-------------+-----
Axes           | 3 4 |  4.3
Fighting       | 4 |  4.0
Armour         | 4 |  4.0
Shields        | 4 |  4.0

Action                     |  1- 3 |  4- 6 || total
---------------------------+-------+-------++-------
  Melee: War axe           |    91 |    21 ||   112
         Unarmed           |       |     7 ||     7
 Armour: Scale mail        |    83 |       ||    83
         Chain mail        |    11 |    31 ||    42
         Skin              |       |     3 ||     3
  Dodge: Dodged            |    53 |    10 ||    63
  Block: Buckler           |    26 |     2 ||    28

Table legend: (Time is in decaauts)
 A = Elapsed time spent in this place.
 B = Non-inter-level travel time spent in this place.
 C = Inter-level travel time spent in this place.
 D = Time resting spent in this place.
 E = Time spent auto-exploring this place.
 F = Levels seen in this place.
 G = Mean time per level.
                   A        B        C        D        E       F      G
               +--------+--------+--------+--------+--------+-----+--------+
         Total |   1793 |   1763 |     30 |      0 |   1457 |   3 |  597.7 |
       Dungeon |   1793 |   1763 |     30 |      0 |   1457 |   3 |  597.7 |
               +--------+--------+--------+--------+--------+-----+--------+

Top non-repeatable levels by time:
     D:2: 1165 daAuts
     D:1: 564 daAuts
     D:3: 63 daAuts
